Map: Oxide LE

Players

HeroMarine

  • Race: Terran Terran
  • Spawn Location: 7:00

Nice - Winner!

  • Race: Protoss Protoss
  • Spawn Location: 1:00

Event: DreamHack SC2 Masters 2020 Winter

VOD

Have the link to the VOD?

Description

Time

  • Played on: Nov. 13, 2020, 11:20 a.m.
  • Length: 9:35

All games in this series

Show
View Real Time Build Order
Export as new Build Order

HeroMarine Terran 

Build Orders:  

Get SALT Encoding   

  12  0:00  SCV  
  13  0:12  SCV  
  14  0:17  Supply Depot  
  14  0:24  SCV  
  15  0:38  SCV  
  15  0:40  Barracks  
  16  0:44  Refinery  
  16  0:50  SCV  
  17  1:02  SCV  
  18  1:15  SCV  
  19  1:26  Marine  
  19  1:27  Orbital Command  
  20  1:39  Command Center  
  20  1:45  Barracks Reactor  
  20  1:51  Supply Depot  
  20  1:54  SCV  
  21  2:06  SCV  
  21  2:08  Factory  
  22  2:18  SCV  
  22  2:20  Refinery  
  22  2:21  Marine x2  
  25  2:30  SCV  
  26  2:39  Marine x2  
  26  2:42  SCV  
  29  2:51  Orbital Command  
  29  2:53  Hellion  
  29  2:55  SCV  
  29  2:57  Starport  
  32  2:59  Marine  
  32  3:03  Marine  
  34  3:07  SCV  
  35  3:16  Widow Mine  
  35  3:18  SCV  
  35  3:19  SCV  
  39  3:21  Marine x2  
  39  3:23  Supply Depot  
  41  3:30  SCV  
  41  3:31  SCV  
  41  3:33  Medivac  
  45  3:41  Barracks  
  45  3:43  SCV  
  45  3:45  SCV  
  45  3:47  Factory Tech Lab  
  47  3:49  Marine x2  
  49  3:55  SCV  
  49  3:56  Bunker  
  49  3:57  SCV  
  51  4:04  Starport Tech Lab  
  51  4:05  Barracks  
  51  4:06  Siege Tank  
  51  4:09  Supply Depot  
  54  4:23  Marine x2  
  54  4:24  SCV x2  
  61  4:28  Bunker  
  58  4:32  Bunker  
  58  4:36  SCV x2  
  58  4:37  Marauder  
  58  4:38  Siege Tank  
  65  4:39  Stimpack  
  65  4:41  Marine x2  
  67  4:48  SCV, Supply Depot  
  67  4:52  SCV  
  69  4:55  Refinery  
  69  4:56  Barracks Tech Lab  
  69  4:58  Marauder  
  69  5:00  SCV  
  69  5:05  Marine x2, Engineering Bay  
  70  5:09  Supply Depot  
  70  5:10  SCV  
  70  5:12  SCV  
  72  5:15  Siege Tank  
  72  5:20  Marine x2  
  72  5:21  Combat Shield  
  77  5:24  SCV  
  77  5:27  SCV  
  78  5:32  Terran Infantry Weapons Level 1  
  78  5:33  Supply Depot  
  78  5:35  Marine x2  
  80  5:42  Refinery, Starport Reactor  
  82  5:44  Marauder  
  82  5:46  Marauder  
  84  5:59  SCV x2  
  86  6:05  Supply Depot, Marauder  
  86  6:07  Marauder  
  86  6:08  Supply Depot  
  90  6:13  Command Center  
  90  6:15  Factory Reactor  
  90  6:19  SCV x2  
  90  6:21  Medivac  
  94  6:26  Medivac, Siege Tank  
  94  6:32  Supply Depot  
  99  6:33  SCV x2  
  99  6:38  Marauder  
  99  6:39  Marauder  
  104  6:43  Marine x2  
  104  6:52  Barracks  
  104  6:53  Barracks  
  104  6:54  Medivac  
  104  6:56  Medivac  
  104  6:58  SCV x2  
  104  6:59  Supply Depot  
  110  7:05  Marauder x2  
  113  7:09  Siege Tank  
  113  7:10  SCV x2  
  113  7:15  Supply Depot  
  117  7:22  SCV x2  
  119  7:23  Marine x2  
  121  7:34  SCV x2, Marauder  
  121  7:35  Marauder  
  121  7:37  Viking x2  
  129  7:39  Terran Infantry Armor Level 1  
  131  7:46  SCV x2  
  131  7:50  Barracks Tech Lab, Barracks Reactor  
  133  7:53  Orbital Command  
  133  7:56  Marauder  
  135  7:58  SCV x2  
  135  8:00  Refinery  
  135  8:01  Refinery  
  135  8:03  Marauder  
  135  8:04  Concussive Shells  
  139  8:09  Marauder  
  139  8:10  SCV  
  139  8:11  SCV  
  143  8:14  Viking  
  143  8:16  Viking  
  147  8:22  Ghost Academy  
  147  8:27  Marauder x2  
  147  8:33  Bunker  
  151  8:45  Supply Depot  
  151  8:47  Supply Depot  
  151  8:48  Marauder, Viking  
  155  8:54  Marauder, Viking, Missile Turret  
  157  8:59  Supply Depot  
  157  9:00  Bunker, SCV  
  157  9:07  SCV x2  
  163  9:16  SCV  
  153  9:19  SCV x2  
Show
View Real Time Build Order
Export as new Build Order

Nice Protoss - Winner!

Build Orders: 1 Gate Expand, Blink Stalkers, Colossus Rush 

Get SALT Encoding   

  12  0:00  Probe  
  13  0:12  Probe  
  14  0:18  Pylon  
  14  0:24  Probe (Chrono Boost)  
  15  0:37  Gateway, Probe (Chrono Boost)  
  16  0:45  Probe (Chrono Boost)  
  16  0:46  Assimilator  
  17  0:51  Probe  
  18  1:03  Probe  
  19  1:17  Probe  
  20  1:24  Cybernetics Core  
  20  1:31  Nexus  
  20  1:37  Pylon  
  20  1:45  Assimilator, Probe  
  21  1:57  Adept (Chrono Boost), Probe  
  24  2:02  Shield Battery  
  24  2:04  Warp Gate  
  24  2:09  Probe  
  25  2:17  Stalker (Chrono Boost)  
  25  2:21  Probe  
  28  2:29  Twilight Council  
  28  2:33  Probe  
  31  2:46  Probe (Chrono Boost)  
  31  2:51  Probe (Chrono Boost)  
  33  2:56  Probe (Chrono Boost)  
  33  2:58  Robotics Facility  
  34  3:01  Probe (Chrono Boost)  
  34  3:03  Probe  
  34  3:04  Blink (Chrono Boost)  
  34  3:09  Shield Battery  
  34  3:12  Probe  
  34  3:16  Probe  
  34  3:25  Gateway, Probe  
  35  3:30  Gateway  
  36  3:37  Probe  
  36  3:39  Gateway  
  36  3:40  Probe  
  37  3:46  Observer  
  38  3:49  Probe  
  38  3:52  Stalker  
  38  3:53  Probe  
  42  4:01  Probe  
  42  4:02  Pylon  
  43  4:05  Probe  
  43  4:06  Assimilator  
  44  4:10  Observer  
  44  4:11  Assimilator  
  44  4:13  Probe  
  46  4:20  Probe  
  47  4:25  Stalker x2, Observer, Probe  
  47  4:29  Stalker, Pylon  
  54  4:45  Robotics Bay  
  54  4:47  Probe x2  
  56  4:59  Nexus, Probe x2  
  58  5:01  Observer  
  58  5:09  Charge  
  58  5:11  Probe x2  
  58  5:13  Pylon  
  60  5:18  Forge  
  60  5:23  Probe x2  
  62  5:28  Colossus (Chrono Boost)  
  62  5:30  Extended Thermal Lance (Chrono Boost)  
  62  5:32  Gateway  
  68  5:35  Observer, Probe  
  68  5:36  Gateway  
  68  5:45  Probe  
  68  5:46  Gateway, Pylon  
  69  5:59  Probe  
  69  6:01  Shield Battery  
  70  6:07  Sentry  
  70  6:08  Pylon, Sentry  
  70  6:10  Colossus (Chrono Boost)  
  70  6:11  Pylon, Zealot  
  80  6:16  Probe x3  
  85  6:23  Pylon  
  85  6:29  Sentry  
  85  6:30  Zealot  
  89  6:37  Zealot  
  91  6:47  Colossus (Chrono Boost), Pylon  
  91  6:52  Zealot x2  
  91  6:53  Zealot x3  
  107  6:57  Pylon, Templar Archives  
  107  7:02  Probe x3  
  107  7:03  Shield Battery  
  110  7:12  Pylon  
  109  7:23  Zealot x6  
  109  7:28  Gateway  
  121  7:30  Gateway  
  121  7:31  Pylon  
  121  7:33  Immortal (Chrono Boost)  
  125  7:43  Probe x3  
  126  7:55  High Templar x2  
  126  7:56  Zealot x4  
  138  8:00  Pylon  
  138  8:01  Warp Prism (Chrono Boost)  
  138  8:02  Pylon  
  140  8:06  Forge  
  140  8:07  Archon  
  140  8:10  Pylon  
  140  8:20  Nexus  
  140  8:26  Immortal  
  140  8:28  High Templar x2  
  140  8:29  Zealot x6  
  156  8:34  Archon  
  160  8:42  Pylon  
  160  8:52  Pylon  
  160  8:54  High Templar  
  160  8:55  High Templar, Pylon  
  166  8:59  Archon  
  164  9:03  Zealot x6  
  150  9:25  Zealot x6  
  146  9:32  Zealot x2  
Tags
 
Add a new tag
Caveats
  • Supply blocks, unpowered buildings, or Contaminate may cause inaccurate times.
  • Supply counts are checked every 10 seconds.